[Event "RUS-ch Girls U21 2021"]
[Site "Loo"]
[Date "2021.04.28"]
[Round "8.10"]
[White "Koroleva, Evgeniya"]
[Black "Emelyanova, Victoria"]
[Result "0-1"]
[ECO "D31"]
[WhiteElo "1884"]
[BlackElo "1765"]
[Annotator "NA RC"]
[PlyCount "176"]
[EventDate "2021.04.21"]
[EventType "swiss"]
[EventCountry "RUS"]
[SourceTitle "playchess.com"]
[Source "ChessBase"]
[SourceQuality "1"]
[TimeControl "40/5400+30:1800+30"]

1. d4 d5 2. c4 e6 3. Nc3 a6 4. cxd5 exd5 5. Nf3 Nf6 6. Bg5 Be7 7. e3 Be6 8. Bd3 Nbd7 9. Rc1 h6 10. Bh4 O-O 11. O-O c6 12. Re1 Re8 13. a3 Rc8 14. Qb3 Qb6 15. Qc2 Qa5 16. Qb1 Bd6 17. Nd2 Qc7 18. Bg3 Bxg3 19. hxg3 Qd6 20. Rcd1 Bg4 21. f3 Be6 22. Nf1 Rcd8 23. Kf2 c5 24. dxc5 Nxc5 25. Bc2 Qc7 26. Rd4 Re7 27. Red1 Rde8 28. Ne2 Bd7 29. R4d2 Bb5 30. b3 Ne6 31. Bd3 Bxd3 32. Rxd3 Nc5 33. R3d2 Qe5 34. Nf4 Rd7 35. Qb2 Qxb2 36. Rxb2 g5 37. Ne2 Rde7 38. Nd4 Kh7 39. g4 Kg6 40. Ne2 b6 41. Nc3 Re5 42. b4 Ne6 43. Rbd2 Nc7 44. Na4 R5e6 45. Rc2 Nb5 46. Rd3 Rd8 47. Rcd2 Red6 48. Ng3 Re6 49. Ne2 Rde8 50. Rd1 Kg7 51. Ng3 Kg6 52. Ne2 Kg7 53. Nb2 Rc8 54. a4 Nd6 55. Nd4 Re7 56. b5 axb5 57. Rb3 Kg6 58. axb5 Rec7 59. Na4 Nd7 60. Ne2 Nc5 61. Rxd5 Nxb3 62. Rxd6+ Kg7 63. Nxb6 Rb8 64. Ng3 f6 65. Nh5+ Kh8 66. Nxf6 Rcb7 67. Nfd5 Kg7 68. g3 Nc5 69. Rc6 Nd3+ 70. Ke2 Ne5 71. Rd6 Ra7 72. Kd2 Nxf3+ 73. Kc3 Ne5 74. Kd4 Nxg4 75. Kc5 Ra1 76. Rd7+ Kg6 77. Ne7+ Kf6 78. Nbd5+ Ke6 79. Rd6+ Kf7 80. Nc6 Rc1+ 81. Kd4 Rxb5 82. Ne5+ Nxe5 83. Kxe5 Rd1 84. e4 h5 85. Kf5 h4 86. Rf6+ Kg7 87. Ke6 Rbxd5 88. Rf7+ Kg8 0-1

[Event "RUS-ch Girls U21 2021"]
[Site "Loo"]
[Date "2021.04.29"]
[Round "9.1"]
[White "Afonasieva, Anna"]
[Black "Shafigullina, Zarina"]
[Result "1-0"]
[ECO "B20"]
[WhiteElo "2270"]
[BlackElo "2293"]
[Annotator "NA"]
[PlyCount "109"]
[EventDate "2021.04.21"]
[EventType "swiss"]
[EventCountry "RUS"]
[SourceTitle "playchess.com"]
[Source "ChessBase"]
[SourceQuality "1"]
[TimeControl "40/5400+30:1800+30"]

1. e4 c5 2. b4 cxb4 3. a3 bxa3 4. Nxa3 Nc6 5. Nf3 Nf6 6. e5 Nd5 7. c4 Nc7 8. d4 d5 9. exd6 Qxd6 10. c5 Qd8 11. Bb5 e6 12. O-O Bd7 13. Bf4 Be7 14. Bd3 O-O 15. Qb1 h6 16. Qxb7 Nd5 17. Bg3 Ndb4 18. Be4 a5 19. Ne5 Ra7 20. Nxc6 Nxc6 21. Qb6 Qa8 22. Nc4 f5 23. Bxc6 Bxc6 24. Be5 Bxg2 25. Qxe6+ Kh7 26. f3 Bxf1 27. Rxf1 Qe8 28. Kh1 Qf7 29. Qxf7 Rxf7 30. c6 Bf6 31. d5 Bxe5 32. Nxe5 Rfe7 33. f4 a4 34. d6 Re8 35. d7 Rf8 36. Rc1 Rc7 37. Ra1 g5 38. Rxa4 gxf4 39. Rd4 Kg7 40. d8=Q Rxd8 41. Rxd8 Kf6 42. Nf3 Rxc6 43. Rf8+ Kg7 44. Rf7+ Kg8 45. Rxf5 Rc4 46. Kg2 Ra4 47. Kh3 Kg7 48. Kg4 Ra2 49. Rxf4 Ra5 50. Rb4 Ra6 51. Rb7+ Kf6 52. Kh5 Kf5 53. Nh4+ Kf4 54. Ng6+ Kf3 55. h4 1-0

[Event "RUS-ch Girls U21 2021"]
[Site "Loo"]
[Date "2021.04.29"]
[Round "9.2"]
[White "Nasyrova, Ekaterina"]
[Black "Goltseva, Ekaterina"]
[Result "1-0"]
[ECO "E46"]
[WhiteElo "2273"]
[BlackElo "2269"]
[Annotator "NA"]
[PlyCount "111"]
[EventDate "2021.04.21"]
[EventType "swiss"]
[EventCountry "RUS"]
[SourceTitle "playchess.com"]
[Source "ChessBase"]
[SourceQuality "1"]
[TimeControl "40/5400+30:1800+30"]

1. c4 Nf6 2. d4 e6 3. Nc3 Bb4 4. e3 O-O 5. Bd2 b6 6. Nf3 c5 7. a3 Bxc3 8. Bxc3 Ne4 9. Qc2 Nxc3 10. Qxc3 Bb7 11. Be2 Qe7 12. O-O cxd4 13. exd4 d6 14. b4 Nd7 15. Rfe1 Qf6 16. Rac1 Rac8 17. Qe3 Rfe8 18. Nd2 Qg6 19. f3 e5 20. d5 f5 21. Nb3 Nf6 22. a4 Qf7 23. Qd2 Rc7 24. Bd3 Qh5 25. a5 b5 26. a6 Bxa6 27. c5 e4 28. Be2 Qf7 29. Qa2 exf3 30. Bxf3 Bc8 31. Nd4 a6 32. cxd6 Rxc1 33. Rxc1 Qd7 34. Rc6 Ne4 35. Bxe4 fxe4 36. Ne6 Qa7+ 37. Qf2 e3 38. Qe2 Bxe6 39. dxe6 Qd4 40. e7 Qd5 41. Qxe3 Qxc6 42. Qe6+ Kh8 43. d7 Qc1+ 44. Kf2 Qd2+ 45. Kf3 Qd3+ 46. Kg4 h5+ 47. Kh4 Qd4+ 48. Kxh5 g6+ 49. Kxg6 Rxe7 50. Qxe7 Qg4+ 51. Kf7 Qh5+ 52. Ke6 Qg4+ 53. Ke5 Qh5+ 54. Kd6 Qd1+ 55. Kc7 Qc2+ 56. Kb8 1-0

[Event "RUS-ch Girls U21 2021"]
[Site "Loo"]
[Date "2021.04.29"]
[Round "9.3"]
[White "Nosacheva, Mariya"]
[Black "Zotova, Anastasia"]
[Result "1-0"]
[ECO "B96"]
[WhiteElo "2199"]
[BlackElo "2160"]
[Annotator "NA"]
[PlyCount "81"]
[EventDate "2021.04.21"]
[EventType "swiss"]
[EventCountry "RUS"]
[SourceTitle "playchess.com"]
[Source "ChessBase"]
[SourceQuality "1"]
[TimeControl "40/5400+30:1800+30"]

1. e4 c5 2. Nf3 d6 3. d4 cxd4 4. Nxd4 Nf6 5. Nc3 a6 6. Bg5 e6 7. f4 Nbd7 8. Qf3 Qc7 9. O-O-O b5 10. e5 Bb7 11. Qh3 dxe5 12. Nxe6 fxe6 13. Qxe6+ Be7 14. Bxb5 axb5 15. Nxb5 Qc6 16. Nd6+ Kd8 17. fxe5 Rc8 18. Nxb7+ Kc7 19. Qxc6+ Kxc6 20. Na5+ Kb6 21. exf6 Bxf6 22. Bxf6 Nxf6 23. Nb3 Ng4 24. Rd7 Rhf8 25. Rhd1 Ne3 26. R1d6+ Rc6 27. Rxc6+ Kxc6 28. Rxg7 Rf2 29. Rg3 Nc4 30. Rd3 Rxg2 31. Nd4+ Kc5 32. Ne6+ Kc6 33. b3 Ne5 34. Rh3 Ng4 35. Rg3 Rxg3 36. hxg3 Kd5 37. Nf4+ Ke4 38. a4 Ne5 39. Kd2 Kf3 40. Ne2 h5 41. a5 1-0

[Event "RUS-ch Girls U21 2021"]
[Site "Loo"]
[Date "2021.04.29"]
[Round "9.4"]
[White "Grigorieva, Yulia"]
[Black "Sakorenko, Adriana"]
[Result "0-1"]
[ECO "B12"]
[WhiteElo "2236"]
[BlackElo "2216"]
[Annotator "NA"]
[PlyCount "68"]
[EventDate "2021.04.21"]
[EventType "swiss"]
[EventCountry "RUS"]
[SourceTitle "playchess.com"]
[Source "ChessBase"]
[SourceQuality "1"]
[TimeControl "40/5400+30:1800+30"]

1. e4 c6 2. d4 d5 3. e5 c5 4. dxc5 e6 5. Qg4 Nd7 6. Nf3 Nxc5 7. Nc3 a6 8. Be2 Qc7 9. O-O Ne7 10. Re1 Nf5 11. b4 Nb3 12. cxb3 Qxc3 13. Bd2 Qc7 14. Bd3 Qb6 15. Qf4 h6 16. Bxf5 exf5 17. Nd4 g5 18. Qe3 f4 19. Qd3 Be6 20. a4 Bg7 21. h4 O-O 22. hxg5 hxg5 23. g3 fxg3 24. Kg2 gxf2 25. Rh1 Rfe8 26. b5 Bxe5 27. Qh7+ Kf8 28. Bb4+ Re7 29. Qh6+ Ke8 30. Bxe7 Qxd4 31. Bxg5 Qg4+ 32. Kxf2 Qg3+ 33. Ke2 Bg4+ 34. Kf1 Qf3+ 0-1

[Event "RUS-ch Girls U21 2021"]
[Site "Loo"]
[Date "2021.04.29"]
[Round "9.5"]
[White "Kochukova, Anna"]
[Black "Serditykh, Olesya"]
[Result "1/2-1/2"]
[ECO "C07"]
[WhiteElo "2108"]
[BlackElo "1961"]
[Annotator "NA"]
[PlyCount "124"]
[EventDate "2021.04.21"]
[EventType "swiss"]
[EventCountry "RUS"]
[SourceTitle "playchess.com"]
[Source "ChessBase"]
[SourceQuality "1"]
[TimeControl "40/5400+30:1800+30"]

1. e4 e6 2. d4 d5 3. Nd2 c5 4. Ngf3 cxd4 5. Nxd4 Nc6 6. Bb5 Bd7 7. Nxc6 Bxc6 8. Bxc6+ bxc6 9. O-O Bd6 10. exd5 cxd5 11. Nf3 Nf6 12. Bg5 O-O 13. Qd4 Be7 14. Ne5 Qc7 15. Rfe1 Bc5 16. Qh4 Ne4 17. Nd3 Nxg5 18. Qxg5 Be7 19. Qd2 Bf6 20. Rac1 Rfc8 21. c3 Rab8 22. Qe2 Qc4 23. b3 Qa6 24. Ne5 Qxe2 25. Rxe2 Rb7 26. f4 Rbc7 27. Rec2 Be7 28. c4 Bc5+ 29. Kf1 Be3 30. Rd1 Bxf4 31. Nd3 Bd6 32. Rcd2 dxc4 33. Ne5 Be7 34. Nxc4 g6 35. Ke2 f6 36. Rd7 Kf8 37. Kf3 Ke8 38. R7d4 Rd8 39. Rxd8+ Bxd8 40. Rd6 Ke7 41. Ra6 Rd7 42. Ke2 Rb7 43. Nd6 Rb8 44. Nc4 Bb6 45. Nxb6 axb6 46. Ra7+ Kd6 47. Rxh7 b5 48. Ra7 Kd5 49. Kd3 g5 50. h3 Ke5 51. Ke3 Kf5 52. Ra5 e5 53. g4+ Ke6 54. Ke4 Rb6 55. b4 Kd6 56. a3 Ke6 57. Ra8 Kd6 58. Rd8+ Ke6 59. Rd5 Rb7 60. Rc5 Rb6 61. Rc8 Kd7 62. Rc5 Ke6 1/2-1/2

[Event "RUS-ch Girls U21 2021"]
[Site "Loo"]
[Date "2021.04.29"]
[Round "9.6"]
[White "Pankova, Julia"]
[Black "Stroganova, Karina"]
[Result "1/2-1/2"]
[ECO "B01"]
[WhiteElo "1884"]
[BlackElo "1731"]
[Annotator "NA"]
[PlyCount "81"]
[EventDate "2021.04.21"]
[EventType "swiss"]
[EventCountry "RUS"]
[SourceTitle "playchess.com"]
[Source "ChessBase"]
[SourceQuality "1"]
[TimeControl "40/5400+30:1800+30"]

1. e4 d5 2. exd5 Nf6 3. Bb5+ Nbd7 4. c4 a6 5. Bxd7+ Qxd7 6. d3 b5 7. Qe2 Qd6 8. Nf3 bxc4 9. dxc4 Qb4+ 10. Nc3 Bg4 11. O-O Bxf3 12. gxf3 c6 13. dxc6 Rc8 14. Bf4 Rxc6 15. Rad1 Qxc4 16. Qd2 Rc8 17. Rfe1 Qc6 18. Re3 e6 19. Rd3 Be7 20. Bd6 Qb7 21. Bxe7 Qxe7 22. Qg5 O-O 23. Ne4 h6 24. Nxf6+ Qxf6 25. Qxf6 gxf6 26. Rd6 Rc2 27. Rxa6 Rxb2 28. Rd7 Kg7 29. Rxe6 Rxa2 30. Ree7 Kg6 31. Kg2 Rb8 32. Rb7 Rc8 33. Rbc7 Rxc7 34. Rxc7 h5 35. Rc5 Rb2 36. Kg3 f5 37. Rc6+ f6 38. Rc4 Rb1 39. Kg2 Kg5 40. h4+ Kg6 41. Ra4 1/2-1/2

[Event "RUS-ch Girls U21 2021"]
[Site "Loo"]
[Date "2021.04.29"]
[Round "9.7"]
[White "Emelyanova, Victoria"]
[Black "Garmash, Aliona"]
[Result "0-1"]
[ECO "B14"]
[WhiteElo "1765"]
[BlackElo "2120"]
[Annotator "NA"]
[PlyCount "94"]
[EventDate "2021.04.21"]
[EventType "swiss"]
[EventCountry "RUS"]
[SourceTitle "playchess.com"]
[Source "ChessBase"]
[SourceQuality "1"]
[TimeControl "40/5400+30:1800+30"]

1. c4 c6 2. e4 d5 3. exd5 cxd5 4. d4 Nf6 5. Nc3 e6 6. Nf3 Bb4 7. Qb3 Nc6 8. Bg5 O-O 9. Bd3 dxc4 10. Bxc4 Be7 11. Qd1 a6 12. O-O b5 13. Bb3 Bb7 14. Re1 Na5 15. Bc2 Nc4 16. b3 Nb6 17. Qd3 g6 18. Ne5 Nbd5 19. Nxd5 Nxd5 20. Bxe7 Qxe7 21. Qg3 Rac8 22. Rac1 Rc3 23. Bd3 Rfc8 24. Rxc3 Rxc3 25. f3 Qb4 26. Qh4 f6 27. Bxg6 hxg6 28. Nxg6 Rc6 29. Qh8+ Kf7 30. Qh7+ Ke8 31. Rxe6+ Rxe6 32. Qg8+ Kd7 33. Nf8+ Kc7 34. Nxe6+ Kd6 35. h3 Qe1+ 36. Kh2 Qxe6 37. Qb8+ Kc6 38. Qa7 Qd6+ 39. g3 Nb6 40. a4 Qxd4 41. axb5+ Kc7 42. h4 Qf2+ 43. Kh3 Qf1+ 44. Kh2 Qxb5 45. Kh3 Qf1+ 46. Kg4 Qxf3+ 47. Kh3 f5 0-1

[Event "RUS-ch Girls U21 2021"]
[Site "Loo"]
[Date "2021.04.29"]
[Round "9.8"]
[White "Filippova, Darya"]
[Black "Bogdanova, Darya"]
[Result "1-0"]
[ECO "A10"]
[WhiteElo "1915"]
[BlackElo "1762"]
[Annotator "NA"]
[PlyCount "85"]
[EventDate "2021.04.21"]
[EventType "swiss"]
[EventCountry "RUS"]
[SourceTitle "playchess.com"]
[Source "ChessBase"]
[SourceQuality "1"]
[TimeControl "40/5400+30:1800+30"]

1. c4 f5 2. Nc3 Nf6 3. d4 g6 4. Bg5 Bg7 5. Nf3 d6 6. h4 h6 7. Bxf6 Bxf6 8. e4 fxe4 9. Nxe4 Bg7 10. Bd3 Bf5 11. Ng3 e6 12. h5 Qf6 13. hxg6 Bxg6 14. Ne4 Qf7 15. Qc2 Bf5 16. g4 Bh7 17. Rh3 Nc6 18. Nxd6+ cxd6 19. Bxh7 O-O-O 20. Be4 Nxd4 21. Nxd4 Bxd4 22. Rb3 Rd7 23. Rf3 Qg7 24. Rd1 Bxb2 25. c5 d5 26. Bd3 Rc7 27. Bb5 Bd4 28. c6 bxc6 29. Bxc6 Qxg4 30. Rdd3 Bb6 31. Qb2 Rd8 32. Rc3 Qd4 33. Qb5 Qe5+ 34. Kf1 Rg8 35. Qb4 Qg7 36. Qd6 Ba5 37. Qxe6+ Kb8 38. Rg3 Bxc3 39. Rxg7 Rcxg7 40. Qd6+ Rc7 41. Qxd5 Rg6 42. Qb5+ Kc8 43. Qf5+ 1-0

[Event "RUS-ch Girls U21 2021"]
[Site "Loo"]
[Date "2021.04.29"]
[Round "9.9"]
[White "Shvedova, Alexandra"]
[Black "Badmaeva, Baina"]
[Result "1-0"]
[ECO "B20"]
[WhiteElo "2000"]
[BlackElo "1751"]
[Annotator "NA"]
[PlyCount "73"]
[EventDate "2021.04.21"]
[EventType "swiss"]
[EventCountry "RUS"]
[SourceTitle "playchess.com"]
[Source "ChessBase"]
[SourceQuality "1"]
[TimeControl "40/5400+30:1800+30"]

1. e4 c5 2. Ne2 d6 3. g3 g6 4. Bg2 Bg7 5. c3 Nf6 6. d4 cxd4 7. cxd4 O-O 8. Nbc3 Nc6 9. O-O Bd7 10. h3 Rc8 11. Be3 Qa5 12. f4 Rfd8 13. a3 Qh5 14. g4 Bxg4 15. hxg4 Nxg4 16. Rf3 Nxe3 17. Rxe3 e5 18. d5 Nd4 19. Rh3 Nxe2+ 20. Nxe2 Qg4 21. fxe5 Bxe5 22. Nc3 Qg5 23. Kh1 Rc4 24. Qf3 Rdc8 25. Rg1 Qd2 26. Bf1 R4c7 27. Qh5 Qf4 28. Qxh7+ Kf8 29. Bg2 Bg7 30. Rf1 Qg5 31. Rhf3 a6 32. Bh3 Re8 33. Rg1 Qh5 34. Qxh5 gxh5 35. Bf5 h4 36. Rg4 Ke7 37. Rxg7 1-0

[Event "RUS-ch Girls U21 2021"]
[Site "Loo"]
[Date "2021.04.29"]
[Round "9.10"]
[White "Gelman, Inna"]
[Black "Koroleva, Evgeniya"]
[Result "0-1"]
[ECO "A00"]
[WhiteElo "1801"]
[BlackElo "1884"]
[Annotator "NA"]
[PlyCount "128"]
[EventDate "2021.04.21"]
[EventType "swiss"]
[EventCountry "RUS"]
[SourceTitle "playchess.com"]
[Source "ChessBase"]
[SourceQuality "1"]
[TimeControl "40/5400+30:1800+30"]

1. g4 d5 2. Bg2 c6 3. h3 e5 4. d3 Be7 5. Nc3 h5 6. gxh5 Nf6 7. Nf3 Nbd7 8. e4 d4 9. Ne2 Nxh5 10. c3 c5 11. Ng3 g6 12. Qe2 Rb8 13. a4 b6 14. h4 Qc7 15. c4 a6 16. Bh3 Nf8 17. Bxc8 Rxc8 18. Ng5 Nf4 19. Qf3 Bxg5 20. hxg5 Rxh1+ 21. Nxh1 N8e6 22. Bxf4 exf4 23. Qg4 Qe5 24. f3 Qxg5 25. Nf2 Ke7 26. Ke2 Rh8 27. Rg1 Qe5 28. Qg2 Qb8 29. b3 b5 30. axb5 axb5 31. Ng4 bxc4 32. bxc4 Qb2+ 33. Kf1 Qc1+ 34. Ke2 Qc2+ 35. Ke1 Qb1+ 36. Ke2 Qb3 37. Rd1 Ra8 38. Qf1 f5 39. exf5 gxf5 40. Nh6 Ng7 41. Rd2 Qc3 42. Qe1 Kd7 43. Qb1 Re8+ 44. Kd1 Kc7 45. Qa2 Qb4 46. Qa7+ Kc6 47. Qa6+ Qb6 48. Qxb6+ Kxb6 49. Rg2 Re7 50. Kd2 Ka5 51. Rg6 Rb7 52. Rc6 Rb2+ 53. Ke1 Rh2 54. Nxf5 Nxf5 55. Rxc5+ Kb4 56. Rxf5 Kc3 57. Rxf4 Kxd3 58. c5 Kc3 59. Rf7 d3 60. Rd7 d2+ 61. Kd1 Rh1+ 62. Ke2 Re1+ 63. Kf2 d1=Q 64. Rxd1 Rxd1 0-1